 Dungeon Crawl Stone Soup version 0.27-a0-1177-g245c70e1c0 (webtiles) character file.

Game seed: 1850835012505297674

390769 PeterLawrence the Conqueror (level 22, -30/247 (279) HPs)
             Began as a Minotaur Fighter on May 16, 2021.
             Was the Champion of Okawaru.
             Killed from afar by Laenn the Hellbinder (57 damage)
             ... with damnation
             ... in a wizard's laboratory.
             The game lasted 01:15:51 (41990 turns).

PeterLawrence the Conqueror (Minotaur Fighter)     Turns: 41990, Time: 01:15:52

HP:   -30/247 (279) AC: 44    Str: 34    XL:     22   Next: 9%
MP:   25/25         EV: 18    Int: 10    God:    Okawaru [******]
Gold: 1123          SH: 21    Dex: 18    Spells: 21/21 levels left

rFire    + + +     SeeInvis +   q - +6 demon whip of the Equator {vamp, *Noise +Rage rPois Will++}
rCold    + + +     Faith    .   y - +0 kite shield of the Vacuum {Will++ Stlth-}
rNeg     . . .     Spirit   .   i - +14 chain mail of Lilacs {rF+}
rPois    +         Reflect  +   T - +2 hat {Will+}
rElec    .         Harm     .   D - +1 cloak of the Eternal Void {rF+ Regen+ Int+4}
rCorr    .         Rampage  .   B - +0 pair of gloves "Toigaij" {rF+ Int+4 Dex+3}
Will     +++++                  r - +2 pair of boots of Patience {Regen+ SInv}
Stlth    ..........             F - amulet of reflection
HPRegen  2.51/turn              f - ring of Pesh {*Slow rF++ Will++ AC+4 Dex+2}
MPRegen  0.19/turn              c - ring "Koothib" {rC+++ Str+4 Int-3 Slay+2 SInv}

@: about to teleport, hasted and slowed, studying Ice Magic, heavily drained
A: horns 2, retaliatory headbutt, low mp 1, robust 2, strong 1
}: 2/15 runes: decaying, serpentine
a: Renounce Religion, Evoke Berserk Rage, Heroism, Finesse


You were in a wizard's laboratory.
You worshipped Okawaru.
Okawaru was exalted by your worship.
You visited 8 branches of the dungeon, and saw 38 of its levels.
You visited 2 bazaars.
You also visited: Gauntlet, Ice Cave and Wizlab.

You collected 7153 gold pieces.
You spent 6030 gold pieces at shops.

Inventory:

Hand Weapons
 q - the +6 demon whip of the Equator (weapon) {vamp, *Noise +Rage rPois Will++}
   (Okawaru gifted it to you on level 2 of the Elven Halls)

   It inflicts no extra harm, but heals its wielder when it wounds a living foe.
   It protects you from poison.
   It lets you go berserk.
   It may make noises in combat.
   It greatly increases your willpower.
 I - a +3 demon whip of venom
 Q - the +8 hand crossbow "Coazes" {penet, Int+3}
   (You bought it in a shop in a bazaar)

   Ammo fired by it passes through the targets it hits, potentially hitting all
   targets in its path until it reaches maximum range.
   It affects your intelligence (+3).
Missiles
 R - 7 curare-tipped darts (quivered)
 S - 566 bolts
Armour
 a - the +2 pair of gloves of Springtime {Regen+}
   (Okawaru gifted it to you on level 6 of the Lair of Beasts)

   It increases your rate of health regeneration.
 i - the +14 chain mail of Lilacs (worn) {rF+}
   (You bought it in a shop in a bazaar)

   It protects you from fire.
 o - a +2 pair of boots of flying
 r - the +2 pair of boots of Patience (worn) {Regen+ SInv}
   (You acquired it on level 2 of the Swamp)

   It lets you see invisible.
   It increases your rate of health regeneration.
 y - the +0 kite shield of the Vacuum (worn) {Will++ Stlth-}
   (Okawaru gifted it to you on level 2 of the Orcish Mines)

   It greatly increases your willpower.
   It makes you less stealthy.
 A - the +7 chain mail of the Gloaming {rC- rN+ Will++ Stlth-}
   (You bought it in a shop in a bazaar)

   It makes you vulnerable to cold.
   It protects you from negative energy.
   It greatly increases your willpower.
   It makes you less stealthy.
 B - the +0 pair of gloves "Toigaij" (worn) {rF+ Int+4 Dex+3}
   (Okawaru gifted it to you on level 2 of the Snake Pit)

   It affects your intelligence (+4).
   It affects your dexterity (+3).
   It protects you from fire.
 D - the +1 cloak of the Eternal Void (worn) {rF+ Regen+ Int+4}
   (You acquired it on level 1 of the Lair of Beasts)

   It affects your intelligence (+4).
   It protects you from fire.
   It increases your rate of health regeneration.
 K - the +2 kite shield of the Eight Boll Weevils {rF+}
   (Okawaru gifted it to you on level 1 of the Elven Halls)

   It protects you from fire.
 N - the +2 kite shield of Rationality {rF+ rN+}
   (Okawaru gifted it to you on level 4 of the Snake Pit)

   It protects you from fire.
   It protects you from negative energy.
 T - a +2 hat of willpower (worn)
Jewellery
 c - the ring "Koothib" (right hand) {rC+++ Str+4 Int-3 Slay+2 SInv}
   (You took it off a deep elf blademaster on level 3 of the Elven Halls)

   [ring of see invisible]

   It affects your strength (+4).
   It affects your intelligence (-3).
   It affects your accuracy and damage with ranged weapons and melee attacks
   (+2).
   It renders you almost immune to cold.
   It lets you see invisible.
 f - the ring of Pesh (left hand) {*Slow rF++ Will++ AC+4 Dex+2}
   (You bought it in a shop on level 3 of the Dungeon)

   [ring of protection]

   It affects your AC (+4).
   It affects your dexterity (+2).
   It greatly protects you from fire.
   It may slow you when you take damage.
   It greatly increases your willpower.
 n - a ring of resist corrosion
 v - a +6 ring of dexterity
 C - the ring "Zafruxaob" {Fly rN++ Str+3 Int-3 Slay+2}
   (You found it in a Gauntlet)

   [ring of flight]

   It affects your strength (+3).
   It affects your intelligence (-3).
   It affects your accuracy and damage with ranged weapons and melee attacks
   (+2).
   It greatly protects you from negative energy.
   It grants you flight.
 F - an amulet of reflection (around neck)
 L - a ring of poison resistance
 U - a ring of ice
Wands
 u - a wand of iceblast (17)
 O - a wand of digging (9)
Scrolls
 b - a scroll of brand weapon
 d - 29 scrolls of identify
 e - 2 scrolls of enchant weapon
 m - 4 scrolls of enchant armour
 s - 18 scrolls of teleportation
 t - 4 scrolls of magic mapping
 w - 5 scrolls of fear
 G - 6 scrolls of summoning
 H - a scroll of silence
 J - 6 scrolls of blinking
 M - 2 scrolls of fog
Potions
 g - 19 potions of curing
 h - 2 potions of berserk rage
 j - 4 potions of invisibility
 k - 3 potions of cancellation
 l - 3 potions of resistance
 p - a potion of heal wounds
 x - 7 potions of haste
 z - 2 potions of might
 E - 7 potions of mutation
Miscellaneous
 P - a condenser vane


   Skills:
 O Level 27 Fighting
 - Level 12.1 Maces & Flails
 - Level 10.3 Crossbows
 - Level 21.6 Armour
 - Level 13.5 Dodging
 + Level 17.1 Shields
 - Level 9.8 Invocations
 - Level 4.4 Evocations


You had 21 spell levels left.
You didn't know any spells.
Your spell library contained the following spells:

 Spells                   Type           Power      Damage    Failure   Level
 Animate Skeleton         Necr           0%         N/A       63%         1
 Apportation              Tloc           0%         N/A       63%         1
 Corona                   Hex            0%         N/A       63%         1
 Freeze                   Ice            0%         1d3       63%         1
 Magic Dart               Conj           0%         1d3       63%         1
 Pain                     Necr           0%         1d4       63%         1
 Shock                    Conj/Air       0%         1d3       63%         1
 Summon Small Mammal      Summ           0%         N/A       63%         1
 Blink                    Tloc           N/A        N/A       77%         2
 Call Imp                 Summ           0%         N/A       77%         2
 Corpse Rot               Necr/Air       N/A        N/A       77%         2
 Ensorcelled Hibernation  Hex/Ice        0%         N/A       77%         2
 Passwall                 Tmut/Erth      0%         N/A       77%         2
 Slow                     Hex            0%         N/A       77%         2
 Static Discharge         Conj/Air       0%         N/A       77%         2
 Confusing Touch          Hex            0%         N/A       94%         3
 Conjure Flame            Conj/Fire      0%         6-21      94%         3
 Dazzling Flash           Conj/Hex       0%         N/A       94%         3
 Frozen Ramparts          Ice            0%         1d2       94%         3
 Gell's Gravitas          Tloc           0%         N/A       94%         3
 Ignite Poison            Fire/Tmut/Pois 0%         N/A       94%         3
 Mephitic Cloud           Conj/Pois/Air  0%         N/A       94%         3
 Ozocubu's Armour         Ice            0%         N/A       94%         3
 Portal Projectile        Hex/Tloc       0%         N/A       94%         3
 Stone Arrow              Conj/Erth      0%         3d7       94%         3
 Swiftness                Air            0%         N/A       94%         3
 Teleport Other           Tloc           0%         N/A       94%         3
 Tukima's Dance           Hex            0%         N/A       94%         3
 Vampiric Draining        Necr           0%         2d6       94%         3
 Animate Dead             Necr           0%         N/A       100%        4
 Hailstorm                Conj/Ice       0%         3d3       100%        4
 Ice Form                 Ice/Tmut       0%         N/A       100%        4
 Passage of Golubria      Tloc           N/A        N/A       100%        4
 Summon Ice Beast         Ice/Summ       0%         N/A       100%        4
 Summon Lightning Spire   Summ/Air       0%         N/A       100%        4
 Agony                    Necr           0%         N/A       100%        5
 Bolt of Magma            Conj/Fire/Erth 0%         4d4       100%        5
 Borgnjor's Vile Clutch   Necr/Erth      0%         N/A       100%        5
 Excruciating Wounds      Necr           0%         N/A       100%        5
 Fireball                 Conj/Fire      0%         3d3       100%        5
 Hydra Form               Tmut           0%         N/A       100%        5
 Irradiate                Conj/Tmut      0%         3d13      100%        5
 Lee's Rapid Deconstruct  Erth           0%         3d5*      100%        5
 Lightning Bolt           Conj/Air       0%         1d11      100%        5
 Manifold Assault         Tloc           0%         N/A       100%        5
 Metabolic Englaciation   Hex/Ice        0%         N/A       100%        5
 Silence                  Hex/Air        0%         N/A       100%        5
 Summon Forest            Summ/Tloc      0%         N/A       100%        5
 Summon Mana Viper        Hex/Summ       0%         N/A       100%        5
 Blade Hands              Tmut           0%         N/A       100%        6
 Conjure Ball Lightning   Conj/Air       0%         3x3d6     100%        6
 Death Channel            Necr           0%         N/A       100%        6
 Dispersal                Tloc           0%         N/A       100%        6
 Eringya's Noxious Bog    Tmut/Pois      0%         N/A       100%        6
 Freezing Cloud           Conj/Ice/Air   0%         6-21      100%        6
 Invisibility             Hex            0%         N/A       100%        6
 Shadow Creatures         Summ           N/A        N/A       100%        6
 Simulacrum               Ice/Necr       0%         N/A       100%        6
 Starburst                Conj/Fire      0%         8x6d3     100%        6
 Statue Form              Tmut/Erth      0%         N/A       100%        6
 Dragon Form              Tmut           0%         N/A       100%        7
 Haunt                    Necr/Summ      0%         N/A       100%        7
 Malign Gateway           Summ/Tloc      0%         N/A       100%        7
 Monstrous Menagerie      Summ           0%         N/A       100%        7
 Ozocubu's Refrigeration  Ice            0%         4d5       100%        7
 Summon Hydra             Summ           0%         N/A       100%        7
 Borgnjor's Revivificati  Necr           0%         N/A       100%        8
 Disjunction              Tloc           0%         N/A       100%        8
 Ignition                 Fire           0%         3d3       100%        8
 Infestation              Necr           0%         N/A       100%        8
 Necromutation            Tmut/Necr      0%         N/A       100%        8
 Summon Horrible Things   Summ           0%         N/A       100%        8
 Death's Door             Necr           0%         N/A       100%        9
 Shatter                  Erth           0%         3d5*      100%        9
 Tornado                  Air            0%         N/A       100%        9


Dungeon Overview and Level Annotations

Branches:
Dungeon (15/15)            Temple (1/1) D:7            Lair (6/6) D:11
  Swamp (4/4) Lair:2        Snake (4/4) Lair:4        Slime (0/5) Lair:5
    Orc (2/2) D:10            Elf (3/3) Orc:2        Vaults (3/5) D:13
  Crypt (0/3) Vaults:2     Depths (0/5) D:15          IceCv (visited)
 WizLab (1/1)             Gauntlet (visited)

Altars:
Ashenzari
Cheibriados
Dithmenos
Elyvilon
Fedhas
Gozag
Hepliaklqana
Kikubaaqudgha
Makhleb
Nemelex Xobeh
Okawaru
Qazlal
Ru
Sif Muna
Trog
Uskayaw
Vehumet
Wu Jian
Xom
Yredelemnul
Zin
The Shining One
Lugonu

Shops:
D:2 !   D:3 ?*?=*   D:5 ?   Orc:2 !![*   Elf:3 *   Vaults:2 =   Vaults:3 [?

Portals:
Abyss: Lair:5


Innate Abilities, Weirdness & Mutations

You have a pair of horns on your head.
You reflexively headbutt those who attack you in melee.
Your magical capacity is low. (-10% MP)
You are very robust. (+20% HP)
Your muscles are strong. (Str +2)


Message History

Something smites you!
* * * LOW HITPOINT WARNING * * *
Unknown command.
You feel much better. You block the tormentor's attack.
The tormentor hits you but does no damage.
Laenn gestures wildly while chanting.
You block the red devil's attack. The Tzitzimitl engulfs you!
* * * LOW HITPOINT WARNING * * *
The Tzitzimitl drains your vigour!
You feel yourself slow down.
The Tzitzimitl bites you but does no damage.
The sun demon hits you but does no damage.
You block the tormentor's attack.
The tormentor hits you but does no damage.
Laenn blinks!
Blink to where?
Press: ? - help, Dir - move target
As you read the scroll of blinking, it crumbles to dust.
The balrug gestures at you.
The fireball explodes!
The fireball engulfs you. You resist.
* * * LOW HITPOINT WARNING * * *
The tormentor says, "I will drown you in your own blood."
The balrug gestures at you. Something smites you!
* * * LOW HITPOINT WARNING * * *
Unknown command.
Press < or > to pray at altars.
You feel much better. You block the orange demon's attack.
As you read the scroll of teleportation, it crumbles to dust.
You feel strangely unstable. The balrug gestures at you.
The sticky flame misses you. The balrug gestures at you. Something smites you!
* * * LOW HITPOINT WARNING * * *
Unknown command.
Press < or > to pray at altars.
You feel yourself speed up.
Laenn points at you and mumbles some strange words.
The sphere of damnation explodes!
The damnation engulfs you!!!
You die...

#......#####....
##.....##8⌠8##....
#......#.....##...
#.................
#.......2..........
#.......421........
#...3..423.4.....
#....§..##@....#
#:..4.... #8@8##
#?(...... #####


You could see Laenn the Hellbinder (fast), a Tzitzimitl (summoned), a balrug
(summoned), a sun demon (summoned), an orange demon (summoned), a hellwing
(summoned), a hellion (summoned), a tormentor and a red devil.

Vanquished Creatures
  Nikola (Snake:2)
  Jorgrun (D:13)
  3 deep elf blademasters
  4 deep elf master archers (Elf:3)
  4 sphinxes (Elf:2)
  Kirke (D:13)
  Agnes (Snake:1)
  Frances (Swamp:2)
  17 nagarajas
  2 azure jellies (IceCv)
  2 tengu reavers
  3 deep elf sorcerers
  10 vault wardens
  The ghost of rigao the Fighter, a journeyman TrCK of Xom (Orc:1)
  A cacodemon (WizLab)
  3 deep elf elementalists (Elf:3)
  4 ghouls
  8 ironbound preservers
  2 quicksilver oozes (IceCv)
  A war gargoyle (Vaults:3)
  5 deep elf demonologists
  A black sun (WizLab)
  7 deep elf annihilators
  8 dire elephants (Vaults:1)
  An entropy weaver (Vaults:2)
  A minotaur (Gauntlet)
  4 bunyips
  3 eleionomae
  An ettin (Orc:2)
  A crystal guardian (Vaults:3)
  6 deep elf death magi
  4 fire dragons
  A green death (WizLab)
  4 shambling mangroves
  8 deep elf high priests
  6 yaktaur captains
  A great orb of eyes (Vaults:3)
  26 naga warriors
  Erolcha (D:13)
  4 salamander tyrants (Snake:4)
  3 ironbound thunderhulks (Vaults:2)
  A hell beast (Elf:2)
  A peacekeeper (Vaults:3)
  32 hydras
  2 ghost crabs
  4 boulder beetles
  3 vault guards (Vaults:1)
  5 ironbound frosthearts
  An ogre mage (D:13)
  6 anacondas
  13 centaur warriors
  9 two-headed ogres
  25 dancing weapons
  6 alligators
  7 death yaks
  18 naga sharpshooters
  3 orc high priests (Orc:2)
  7 ironbound beastmasters
  A tengu warrior (D:15)
  6 shock serpents
  2 soul eaters (WizLab)
  A sun demon (WizLab)
  Sonja (D:11)
  Urug (D:13)
  17 deep elf knights
  3 salamander mystics
  2 skeletal warriors
  A sixfirhy (WizLab)
  A shadow wraith (Vaults:2)
  A storm dragon skeleton (Vaults:3)
  6 bog bodies
  2 goliath frogs
  An orange crystal statue (Gauntlet)
  A death drake (Swamp:4)
  30 deep trolls
  2 spriggan druids
  9 naga ritualists
  11 ironbound convokers
  12 swamp dragons
  10 lindwurms
  4 wizards
  29 deep elf pyromancers
  7 harpies
  23 deep elf zephyrmancers
  A phantasmal warrior (Vaults:2)
  15 deep elf archers
  7 orc sorcerers
  7 mana vipers
  5 orc knights
  An oklob plant (Lair:4)
  2 necromancers
  18 salamanders
  13 manticores
  2 will-o-the-wisps
  7 cyclopes
  22 ugly things
  A stone giant skeleton (Vaults:3)
  3 ice statues
  A moth of wrath (Gauntlet)
  37 black mambas
  A rust devil (WizLab)
  21 elephants
  5 centaur zombies
  3 guardian serpents
  An elf zombie (Vaults:3)
  6 vault sentinels
  2 centaur skeletons (D:15)
  13 cane toads
  16 naga magi
  3 orange demons (WizLab)
  A yaktaur zombie (Vaults:3)
  6 torpor snails
  2 gargoyles
  30 yaktaurs
  2 hellions (WizLab)
  6 rime drakes (Lair:4)
  11 komodo dragons
  A komodo dragon (shapeshifter) (Elf:1)
  4 ice devils
  2 efreet
  2 entropy weaver simulacra (IceCv)
  2 hellwings (WizLab)
  3 red devils (WizLab)
  2 tormentors (WizLab)
  3 tengu conjurers
  23 slime creatures
  8 trolls
  A very ugly thing simulacrum (IceCv)
  A bloated husk (Swamp:2)
  3 meliai (D:15)
  6 polar bears
  A jumping spider (Vaults:2)
  Grinder (D:5)
  13 tyrant leeches
  22 hornets
  43 blink frogs
  A spriggan (shapeshifter) (D:9)
  6 wraiths
  2 centaur simulacra (D:13)
  5 spriggans
  An air elemental (Elf:3)
  2 shadows
  4 water elementals
  2 ynoxinuls (WizLab)
  A redback (shapeshifter) (Elf:3)
  3 hogs (D:13)
  2 redbacks (Vaults:2)
  8 wyverns
  3 fire elementals
  2 vampires
  41 yaks
  5 steam dragons
  5 chaos spawn
  A neqoxec (Gauntlet)
  11 basilisks
  7 vampire mosquitoes
  4 wargs
  66 nagas
  14 swamp worms
  4 acid dragons
  The ghost of Thantalas the Conjurer, an amateur DECj (D:4)
  3 demonic crawler simulacra (IceCv)
  3 hell hounds
  13 water moccasins
  19 orc warriors
  4 swamp drakes
  3 ice beasts (D:13)
  2 sky beasts (D:6)
  20 wolves
  3 ugly thing simulacra (IceCv)
  2 black bears
  A necrophage (Swamp:4)
  8 ogres
  An ogre (shapeshifter) (D:13)
  11 centaurs
  16 bullfrogs
  A gnoll sergeant (D:10)
  4 earth elementals
  2 glowing shapeshifter simulacra (IceCv)
  A kobold brigand (D:8)
  4 scorpions
  A water moccasin zombie (D:6)
  A hornet simulacrum (D:13)
  A water moccasin skeleton (D:5)
  5 killer bees
  8 wights
  5 electric eels
  A hound (D:6)
  A jelly (D:5)
  A lava snake (D:14)
  A bullfrog zombie (D:5)
  2 gnoll shamans
  16 orc priests
  2 bullfrog skeletons (D:5)
  An iguana (D:6)
  24 orc wizards
  A scorpion zombie (D:4)
  7 hell rats (Lair:4)
  A hound skeleton (D:4)
  2 howler monkey zombies
  6 adders
  10 gnolls
  2 howler monkey skeletons
  A shadow imp (D:6)
  3 white imps
  3 ufetubi
  An adder skeleton (D:4)
  A worm (D:2)
  A dart slug (D:3)
  50 orcs
  11 ball pythons
  3 bats
  10 endoplasms
  4 giant cockroaches (D:1)
  9 goblins
  9 hobgoblins
  9 jackals
  3 quokkas
  5 frilled lizards
  11 kobolds
  A rat (D:1)
  2 lurking horrors (Lair:5)
1463 creatures vanquished.

Vanquished Creatures (others)
  A deep elf zephyrmancer (Elf:3)
  A will-o-the-wisp (Swamp:4)
  An ugly thing (D:15)
  A yaktaur (Vaults:2)
  An entropy weaver simulacrum (IceCv)
  A bloated husk (Swamp:1)
  A slime creature (IceCv)
  A swamp worm (Swamp:1)
  A naga (Snake:4)
  A gnoll (D:9)
  A white imp (D:13)
  10 foxfires (Swamp:4)
  12 fungi
  28 plants
61 creatures vanquished.

Grand Total: 1524 creatures vanquished

Notes
Turn   | Place    | Note
-------+----------+-------------------------------------------
     0 | D:1      | PeterLawrence the Minotaur Fighter began the quest for the
                  | Orb.
     0 | D:1      | Reached XP level 1. HP: 19/19 MP: 0/0
    94 | D:1      | Reached XP level 2. HP: 21/27 MP: 1/1
   130 | D:1      | Reached skill level 4 in Fighting
   481 | D:1      | Reached XP level 3. HP: 33/33 MP: 2/2
   792 | D:1      | Found a faded altar of an unknown god.
  1060 | D:2      | Found Sang's Distillery.
  1364 | D:2      | Reached XP level 4. HP: 40/40 MP: 3/3
  1460 | D:2      | Reached skill level 1 in Dodging
  2029 | D:3      | Found a burning altar of Makhleb.
  2178 | D:3      | Found Kodip's Magic Scroll Emporium.
  2210 | D:3      | Bought a scroll of identify for 20 gold pieces
  2210 | D:3      | Bought a scroll of identify for 20 gold pieces
  2210 | D:3      | Bought a scroll of identify for 20 gold pieces
  2210 | D:3      | Bought a scroll of teleportation for 30 gold pieces
  2210 | D:3      | Bought a scroll of magic mapping for 35 gold pieces
  2238 | D:3      | Reached XP level 5. HP: 45/46 MP: 4/4
  2257 | D:3      | Found Ytuhoaps's Jewellery Emporium.
  2351 | D:3      | Found Amen's Assorted Antiques.
  2359 | D:3      | Bought a scroll labelled HIXZI ALOITO for 21 gold pieces
  2359 | D:3      | Bought a scroll labelled VOEPAMMORU for 21 gold pieces
  2499 | D:3      | Found Yhanait's General Store.
  2503 | D:3      | Bought a potion of degeneration for 13 gold pieces
  2745 | D:3      | Found Daalomuq's Magic Scroll Shop.
  2818 | D:3      | Identified a scroll of acquirement
  2818 | D:3      | Acquired 838 gold pieces
  2844 | D:3      | Found a shadowy altar of Dithmenos.
  3059 | D:3      | Bought the ring of Pesh {*Slow rF++ Will++ AC+4 Dex+2} for
                  | 877 gold pieces
  3132 | D:4      | Identified the +0 cloak of the Five Mouths {Str-4 Int+6
                  | Dex+4}
  3196 | D:4      | Reached skill level 5 in Armour
  3405 | D:4      | Found a runed translucent door.
  3411 | D:4      | Reached XP level 6. HP: 55/55 MP: 5/5
  3414 | D:4      | Noticed Thantalas's ghost (amateur DECj)
  3431 | D:4      | Killed Thantalas's ghost
  3432 | D:4      | Reached skill level 5 in Maces & Flails
  3895 | D:4      | Found a sparkling altar of Nemelex Xobeh.
  4130 | D:4      | Reached XP level 7. HP: 60/60 MP: 6/6
  4320 | D:3      | Bought 2 scrolls of identify for 52 gold pieces
  4378 | D:5      | Entered Level 5 of the Dungeon
  4378 | D:5      | Found Zairuaz's Magic Scroll Shoppe.
  4378 | D:5      | Found a hide-covered altar of Uskayaw.
  4379 | D:5      | Noticed a +0 dagger
  4379 | D:5      | Noticed a +0 dagger
  4596 | D:5      | Found a basalt altar of Yredelemnul.
  5172 | D:5      | Noticed Grinder
  5203 | D:5      | Killed Grinder
  5204 | D:5      | Reached skill level 10 in Maces & Flails
  5204 | D:5      | Reached XP level 8. HP: 40/67 MP: 7/7
  5541 | D:5      | Reached skill level 5 in Fighting
  5724 | D:6      | Reached skill level 6 in Fighting
  5805 | D:6      | Reached skill level 7 in Fighting
  5981 | D:6      | Reached skill level 8 in Fighting
  6194 | D:6      | Reached skill level 9 in Fighting
  6314 | D:6      | Found a snail-covered altar of Cheibriados.
  6545 | D:6      | Reached XP level 9. HP: 84/84 MP: 8/8
  7014 | D:7      | Reached skill level 10 in Fighting
  7088 | D:7      | Found a staircase to the Ecumenical Temple.
  7361 | D:7      | Reached skill level 11 in Fighting
  7441 | Temple   | Entered the Ecumenical Temple
  7905 | D:8      | Reached skill level 12 in Fighting
  8176 | D:8      | Found a glowing golden altar of the Shining One.
  8249 | D:8      | Acquired 738 gold pieces
  8434 | D:3      | Bought a scroll of enchant weapon for 97 gold pieces
  8434 | D:3      | Bought a potion of curing for 39 gold pieces
  8492 | D:2      | Bought a potion of experience for 550 gold pieces
  8492 | D:2      | Bought a potion of heal wounds for 55 gold pieces
  8492 | D:2      | Bought a potion of heal wounds for 55 gold pieces
  8492 | D:2      | Bought a potion of mutation for 88 gold pieces
  8492 | D:2      | Bought a potion of mutation for 88 gold pieces
  8494 | D:2      | Reached skill level 13 in Fighting
  8494 | D:2      | Reached skill level 5 in Dodging
  8494 | D:2      | Reached XP level 10. HP: 102/102 MP: 9/9
  8500 | D:2      | Gained mutation: Your magical capacity is low. (-10% MP)
                  | [potion of mutation]
  8501 | D:2      | Lost mutation: Your magical capacity is low. (-10% MP)
                  | [potion of mutation]
  8501 | D:2      | Gained mutation: You are robust. (+10% HP) [potion of
                  | mutation]
  8501 | D:2      | Gained mutation: Your muscles are strong. (Str +2) [potion
                  | of mutation]
  8501 | D:2      | Gained mutation: You are very robust. (+20% HP) [potion of
                  | mutation]
  8893 | D:9      | Found an opulent altar of Gozag.
  9042 | D:9      | Found an iron altar of Okawaru.
  9056 | D:9      | Became a worshipper of Warmaster Okawaru
  9205 | D:9      | Reached skill level 1 in Invocations
  9254 | D:9      | Reached XP level 11. HP: 97/129 MP: 11/11
  9474 | D:9      | Reached * piety under Okawaru
  9627 | D:9      | Acquired 1145 gold pieces
  9777 | D:3      | Bought an amulet of faith for 520 gold pieces
  9811 | D:3      | Bought a scroll of identify for 42 gold pieces
  9811 | D:3      | Bought a potion of curing for 63 gold pieces
  9811 | D:3      | Bought a potion of curing for 63 gold pieces
  9845 | D:5      | Bought a scroll of acquirement for 520 gold pieces
  9845 | D:5      | Bought a scroll of identify for 20 gold pieces
  9945 | D:10     | Entered Level 10 of the Dungeon
 10044 | D:10     | Noticed a deep elf pyromancer
 10056 | D:10     | Noticed a skeletal warrior
 10430 | D:10     | Reached skill level 5 in Invocations
 10740 | D:10     | Reached ** piety under Okawaru
 10788 | D:10     | Found a staircase to the Orcish Mines.
 10858 | D:10     | Killed a skeletal warrior
 11129 | D:10     | Noticed a two-headed ogre
 11140 | D:10     | Killed a two-headed ogre
 11158 | D:10     | Noticed a two-headed ogre
 11170 | D:10     | Reached *** piety under Okawaru
 11176 | D:10     | Killed a two-headed ogre
 11567 | D:10     | Killed a deep elf pyromancer
 11689 | D:10     | Noticed a boulder beetle
 11708 | D:10     | Reached **** piety under Okawaru
 11716 | D:10     | Killed a boulder beetle
 11722 | D:10     | Reached ***** piety under Okawaru
 11747 | D:10     | Reached XP level 12. HP: 100/139 MP: 18/18
 11882 | D:10     | Identified the +9 great mace of the Black Skies {flame,
                  | rPois}
 11928 | D:10     | Received a gift from Okawaru
 12534 | D:11     | Noticed Sonja
 12558 | D:11     | Killed Sonja
 13115 | D:11     | Found a staircase to the Lair.
 13470 | D:11     | Noticed an eight-headed hydra
 13476 | D:11     | Killed an eight-headed hydra
 13696 | D:11     | Identified the +1 hunting sling of the King {flame, Str+3}
 13808 | D:12     | Reached skill level 10 in Armour
 13949 | D:12     | Received a gift from Okawaru
 13993 | D:12     | Noticed a seven-headed hydra
 14004 | D:12     | Killed a seven-headed hydra
 14398 | D:12     | Noticed a four-headed hydra
 14404 | D:12     | Killed a four-headed hydra
 14672 | Lair:1   | Entered Level 1 of the Lair of Beasts
 14690 | Lair:1   | Noticed a four-headed hydra
 14703 | Lair:1   | Killed a four-headed hydra
 14843 | Lair:1   | Noticed a seven-headed hydra
 14853 | Lair:1   | Killed a seven-headed hydra
 15120 | Lair:1   | Acquired the +1 cloak of the Eternal Void {rF+ Regen+
                  | Int+4}
 15141 | Lair:1   | Reached XP level 13. HP: 147/147 MP: 19/19
 15309 | Lair:1   | Identified the +3 shortbow "Ruymog" {vorpal, rPois}
                  | (Okawaru gifted it to you on level 1 of the Lair of Beasts)
 15309 | Lair:1   | Received a gift from Okawaru
 15721 | Lair:2   | Reached skill level 10 in Shields
 15872 | Lair:2   | Found a staircase to the Swamp.
 16117 | Lair:2   | Reached ****** piety under Okawaru
 16248 | Lair:2   | Received a gift from Okawaru
 17837 | Lair:4   | Identified the +4 chain mail of Lolen {Dex+2} (Okawaru
                  | gifted it to you on level 4 of the Lair of Beasts)
 17837 | Lair:4   | Received a gift from Okawaru
 17884 | Lair:4   | Reached XP level 14. HP: 146/156 MP: 20/20
 17912 | Lair:4   | Found a staircase to the Snake Pit.
 18650 | Lair:4   | You are sucked into a shaft and drop 2 floors!
 18650 | Lair:6   | Entered Level 6 of the Lair of Beasts
 18693 | Lair:5   | Found a corrupted altar of Lugonu.
 18774 | Lair:5   | Found a one-way gate to the infinite horrors of the Abyss.
 19081 | Lair:5   | Found a staircase to the Slime Pits.
 19389 | Lair:5   | You are sucked into a shaft and drop 1 floor!
 19400 | Lair:6   | Received a gift from Okawaru
 19401 | Lair:6   | Reached skill level 10 in Dodging
 19507 | Lair:4   | Identified the +0 leather armour of the Known World {-Tele
                  | Rampage Will+++ Dex-2}
 20690 | Lair:6   | Identified the +2 pair of gloves of Springtime {Regen+}
                  | (Okawaru gifted it to you on level 6 of the Lair of Beasts)
 20690 | Lair:6   | Received a gift from Okawaru
 21010 | Lair:6   | Found a runed translucent door.
 21199 | Lair:6   | Reached XP level 15. HP: 164/164 MP: 21/21
 21500 | Orc:1    | Entered Level 1 of the Orcish Mines
 21585 | Orc:1    | Reached skill level 14 in Fighting
 21703 | Orc:1    | Found a transporter.
 21704 | Orc:1    | Noticed rigao's ghost (journeyman TrCK)
 21706 | Orc:1    | Identified the +9 dire flail "Giantbane" {protect, rElec
                  | rPois rF- Int-5}
 21706 | Orc:1    | Identified the +6 great mace of Gehiot {venom, rC+ rN+}
 21711 | Orc:1    | Found a transporter.
 21750 | Orc:1    | Killed rigao's ghost
 21984 | Orc:2    | Entered Level 2 of the Orcish Mines
 22137 | Orc:2    | Found a staircase to the Elven Halls.
 22209 | Orc:2    | Identified the +0 kite shield of the Vacuum {Will++ Stlth-}
                  | (Okawaru gifted it to you on level 2 of the Orcish Mines)
 22209 | Orc:2    | Received a gift from Okawaru
 22337 | Orc:2    | Found Tiubbazxu's Distillery.
 22345 | Orc:2    | Reached skill level 15 in Fighting
 22448 | Orc:2    | Found Cikku's General Store.
 22484 | Orc:2    | Found Ocebb's Antique Armour Boutique.
 22488 | Orc:2    | Bought a potion of heal wounds for 70 gold pieces
 22488 | Orc:2    | Bought a potion of might for 56 gold pieces
 22501 | Orc:2    | Found Zaerrutt's Distillery.
 22510 | Orc:2    | Bought a potion of heal wounds for 80 gold pieces
 22666 | D:13     | Noticed Urug
 22692 | D:13     | Killed Urug
 22693 | D:13     | Reached skill level 16 in Fighting
 22703 | D:13     | Found a gate to the Vaults.
 22900 | D:13     | Found a gate leading to a gauntlet.
 22907 | Gauntlet | Entered a Gauntlet
 22907 | Gauntlet | Found a transporter.
 22907 | Gauntlet | Found a transporter.
 22919 | Gauntlet | Found a transporter.
 22923 | Gauntlet | Found a transporter.
 22927 | Gauntlet | Found a runed translucent door.
 22927 | Gauntlet | Found a runed translucent door.
 22931 | Gauntlet | Found a transporter.
 22935 | Gauntlet | Found a transporter.
 22943 | Gauntlet | Found a transporter.
 22961 | Gauntlet | Found a runed translucent gate.
 22962 | Gauntlet | Found a transporter.
 22962 | Gauntlet | Found a runed translucent gate.
 22963 | Gauntlet | Found a runed translucent gate.
 22985 | Gauntlet | Found a transporter.
 22989 | Gauntlet | Found a transporter.
 22997 | Gauntlet | Found a transporter.
 23001 | Gauntlet | Found a transporter.
 23002 | Gauntlet | Found a runed translucent door.
 23041 | Gauntlet | Received a gift from Okawaru
 23041 | Gauntlet | Gained mutation: Your magical capacity is low. (-10% MP) [a
                  | neqoxec]
 23235 | Gauntlet | Identified the ring "Zafruxaob" {Fly rN++ Str+3 Int-3
                  | Slay+2}
 23253 | Gauntlet | Identified the +3 chain mail of Dithmenos's Envy {SInv}
 23253 | Gauntlet | Identified the amulet of Fixation {Regen+ Str-4 Int+5}
 23267 | Gauntlet | Reached skill level 17 in Fighting
 23426 | D:13     | Noticed Erolcha
 23433 | D:13     | Found a frozen archway.
 23455 | IceCv    | Entered an ice cave
 23694 | IceCv    | Reached skill level 1 in Evocations
 23970 | IceCv    | Noticed an azure jelly
 23973 | IceCv    | Found a viscous altar of Jiyva.
 23973 | IceCv    | Noticed an azure jelly
 23978 | IceCv    | Killed an azure jelly
 23988 | IceCv    | Killed an azure jelly
 23989 | IceCv    | Reached XP level 16. HP: 186/186 MP: 15/20
 24034 | IceCv    | Identified the Incunabulum of Ice
 24130 | D:13     | Killed Erolcha
 24309 | D:13     | Noticed Jorgrun
 24329 | D:13     | Killed Jorgrun
 24425 | D:13     | Found a sparkling altar of Nemelex Xobeh.
 24428 | D:13     | Found a shimmering altar of Xom.
 24428 | D:13     | Found a broken altar of Ashenzari.
 24430 | D:13     | Found a sacrificial altar of Ru.
 24430 | D:13     | Found a shimmering altar of Xom.
 24430 | D:13     | Found a hazy altar of Hepliaklqana.
 24538 | D:13     | Noticed Kirke
 24558 | D:13     | Killed Kirke
 24616 | D:14     | Received a gift from Okawaru
 24781 | D:14     | Reached skill level 15 in Shields
 25438 | D:15     | Entered Level 15 of the Dungeon
 25525 | D:15     | Received a gift from Okawaru
 25745 | D:15     | Found a shadowy altar of Dithmenos.
 26104 | D:15     | Found a staircase to the Depths.
 26545 | Elf:1    | Entered Level 1 of the Elven Halls
 26568 | Elf:1    | Identified the +2 kite shield of the Eight Boll Weevils
                  | {rF+} (Okawaru gifted it to you on level 1 of the Elven
                  | Halls)
 26568 | Elf:1    | Received a gift from Okawaru
 26795 | Elf:1    | Found a gateway to a bazaar.
 26809 | Bazaar   | Entered a bazaar
 26811 | Bazaar   | Found Reapluw's General Store.
 26815 | Bazaar   | Bought a potion of heal wounds for 40 gold pieces
 26815 | Bazaar   | Bought a scroll of blinking for 60 gold pieces
 26815 | Bazaar   | Found Hosyng's Antique Weapon Boutique.
 26815 | Bazaar   | Found Luwnocle's Book Boutique.
 26816 | Bazaar   | Found Yleo's Book Boutique.
 26887 | Elf:1    | Identified the Reference Book on the Glacial Compass
 26921 | Elf:1    | HP: 5/186 [drowned by a water elemental (8)]
 27169 | Elf:1    | Reached skill level 15 in Armour
 27353 | Elf:1    | Reached XP level 17. HP: 194/194 MP: 20/20
 27502 | Elf:1    | Identified the +8 mace of Irritation {pain, rN+ Int+4}
                  | (Okawaru gifted it to you on level 1 of the Elven Halls)
 27502 | Elf:1    | Received a gift from Okawaru
 27664 | Elf:2    | Received a gift from Okawaru
 27685 | Elf:2    | Received a gift from Okawaru
 27909 | Elf:2    | Found a gateway to a bazaar.
 27918 | Bazaar   | Entered a bazaar
 27927 | Bazaar   | Found Lichud's Antique Weapon Emporium.
 27940 | Bazaar   | Found Siyrr's Antique Weapon Shoppe.
 27957 | Bazaar   | Found Fete's Antique Armour Shoppe.
 27968 | Bazaar   | Found Ituopeineu's Antique Armour Emporium.
 27983 | Bazaar   | Bought a buzzing chain mail for 152 gold pieces
 27983 | Bazaar   | Identified the +14 chain mail of Lilacs {rF+} (You bought
                  | it in a shop in a bazaar)
 27983 | Bazaar   | Bought a fading chain mail for 152 gold pieces
 27983 | Bazaar   | Identified the +7 chain mail of the Gloaming {rC- rN+
                  | Will++ Stlth-} (You bought it in a shop in a bazaar)
 27998 | Bazaar   | Bought a masterwork hand crossbow for 136 gold pieces
 27998 | Bazaar   | Identified the +8 hand crossbow "Coazes" {penet, Int+3}
                  | (You bought it in a shop in a bazaar)
 28170 | Elf:2    | Reached skill level 18 in Fighting
 28444 | Elf:2    | Found a runed translucent gate.
 28444 | Elf:2    | Found a runed translucent gate.
 28444 | Elf:2    | Found a runed translucent gate.
 28625 | Elf:2    | Noticed a deep elf blademaster
 28641 | Elf:2    | Killed a deep elf blademaster
 28722 | Elf:2    | Reached skill level 19 in Fighting
 28728 | Elf:2    | Identified the +6 demon whip of the Equator {vamp, *Noise
                  | +Rage rPois Will++} (Okawaru gifted it to you on level 2 of
                  | the Elven Halls)
 28728 | Elf:2    | Received a gift from Okawaru
 29028 | Elf:3    | Entered Level 3 of the Elven Halls
 29038 | Elf:3    | Identified the Catalogue of Feathers and the Volcanoes
 29214 | Elf:3    | Reached XP level 18. HP: 213/213 MP: 21/21
 29335 | Elf:3    | Noticed a Brimstone Fiend
 29341 | Elf:3    | Received a gift from Okawaru
 29355 | Elf:3    | Reached skill level 20 in Fighting
 29357 | Elf:3    | Found Juwelit's Assorted Antiques.
 29849 | Elf:3    | Reached skill level 21 in Fighting
 29867 | Elf:3    | Identified the ring "Koothib" {rC+++ Str+4 Int-3 Slay+2
                  | SInv}
 29889 | Elf:3    | Identified the +4 scale mail "Neitsiuji" {rF+} (Okawaru
                  | gifted it to you on level 3 of the Elven Halls)
 29889 | Elf:3    | Received a gift from Okawaru
 30156 | Elf:3    | Identified the +8 spear of Ysunank {drain, Dex+4}
 30226 | Elf:3    | Identified the +6 war axe "Odihot" {drain, rC+ Str-5 Int+6}
 30301 | Elf:3    | Identified the +10 long sword of the Slime-mould {venom,
                  | +Blink rC+++ rCorr Str-3}
 30301 | Elf:3    | Identified the ring of Temptation {rN+ Str+4}
 30423 | Elf:3    | Identified the Disquisition on Black Rituals
 30460 | Elf:3    | Identified the Catalogue of Icy Transformation
 30835 | D:3      | Bought 2 scrolls of acquirement for 1352 gold pieces
 30835 | D:3      | Bought a scroll of magic mapping for 45 gold pieces
 30835 | D:3      | Bought a scroll of teleportation for 39 gold pieces
 30835 | D:3      | Bought a scroll of teleportation for 39 gold pieces
 30835 | D:3      | Bought a scroll of teleportation for 39 gold pieces
 31069 | Elf:1    | Noticed a Brimstone Fiend
 31116 | Elf:3    | Bought a small bone amulet for 125 gold pieces
 31327 | Swamp:1  | Entered Level 1 of the Swamp
 31368 | Swamp:1  | Reached skill level 22 in Fighting
 31427 | Swamp:1  | Found a snail-covered altar of Cheibriados.
 32363 | Swamp:2  | Noticed Frances
 32369 | Swamp:2  | Killed Frances
 32369 | Swamp:2  | Identified the +6 morningstar "Nuyhosk" {drain, rF- Int+2
                  | Dex+7} (Okawaru gifted it to you on level 2 of the Swamp)
 32369 | Swamp:2  | Received a gift from Okawaru
 32372 | Swamp:2  | Acquired 615 gold pieces
 32374 | Swamp:2  | Acquired the +2 pair of boots of Patience {Regen+ SInv}
 32670 | Swamp:3  | Reached XP level 19. HP: 231/231 MP: 22/22
 32677 | Swamp:3  | Reached skill level 23 in Fighting
 32848 | Swamp:4  | Entered Level 4 of the Swamp
 33008 | Swamp:4  | Received a gift from Okawaru
 33155 | Swamp:4  | Got a decaying rune of Zot
 33954 | Snake:1  | Entered Level 1 of the Snake Pit
 34169 | Snake:1  | Noticed Agnes
 34182 | Snake:1  | Killed Agnes
 35372 | Snake:2  | Noticed Nikola
 35388 | Snake:2  | Killed Nikola
 35388 | Snake:2  | Identified the +0 pair of gloves "Toigaij" {rF+ Int+4
                  | Dex+3} (Okawaru gifted it to you on level 2 of the Snake
                  | Pit)
 35388 | Snake:2  | Received a gift from Okawaru
 36196 | Snake:3  | Reached XP level 20. HP: 242/243 MP: 23/23
 37140 | Snake:4  | Entered Level 4 of the Snake Pit
 38018 | Snake:4  | Identified the +2 kite shield of Rationality {rF+ rN+}
                  | (Okawaru gifted it to you on level 4 of the Snake Pit)
 38018 | Snake:4  | Received a gift from Okawaru
 38036 | Snake:4  | Reached skill level 24 in Fighting
 38169 | Snake:4  | Got a serpentine rune of Zot
 38462 | Snake:4  | Reached skill level 25 in Fighting
 39027 | Orc:2    | Bought a potion of haste for 140 gold pieces
 39027 | Orc:2    | Bought a potion of invisibility for 112 gold pieces
 39027 | Orc:2    | Bought a potion of curing for 42 gold pieces
 39027 | Orc:2    | Bought a potion of curing for 42 gold pieces
 39143 | Vaults:1 | Entered Level 1 of the Vaults
 39557 | Vaults:1 | Received a gift from Okawaru
 39724 | Vaults:1 | Reached XP level 21. HP: 261/261 MP: 24/24
 40199 | Vaults:1 | Reached skill level 26 in Fighting
 40403 | Vaults:2 | Received a gift from Okawaru
 40615 | Vaults:2 | Received a gift from Okawaru
 40631 | Vaults:2 | Reached skill level 27 in Fighting
 40633 | Vaults:2 | Reached skill level 1 in Crossbows
 40763 | Vaults:2 | Found Atwul's Jewellery Shop.
 40797 | Vaults:2 | Found a staircase to the Crypt.
 41285 | Vaults:3 | Reached skill level 5 in Crossbows
 41398 | Vaults:3 | Found Effuopaa's Magic Scroll Boutique.
 41630 | Vaults:3 | Found Iblaimyi's Armour Shop.
 41739 | Vaults:3 | Found a magical portal.
 41748 | WizLab   | Entered The Hall of the Hellbinder
 41764 | WizLab   | Received a gift from Okawaru
 41777 | WizLab   | Reached XP level 22. HP: 269/279 MP: 25/25
 41778 | WizLab   | Reached skill level 10 in Crossbows
 41965 | WizLab   | Found a burning altar of Makhleb.
 41982 | WizLab   | HP: 6/247 [Tzitzimitl/bolt of negative energy[Laenn the
                  | Hellbinder] (37)]
 41990 | WizLab   | Killed from afar by Laenn the Hellbinder

Illustrated notes

Levels and vault maps discovered:
D:1:      co_arrival_two_rings, layout_loops_ring,
          hellmonk_ecumenical_altar_inner_sanctum, minmay_tall_x
D:2:      minmay_door_path, layout_basic, serial_shops, shop
D:3:      layout_basic, amcnicky_altar_gilded, marbit_many_paths, serial_shops,
          shop_statue, shop_statue, nicolae_shop_behind_doors, shop_scrolls,
          shop
D:4:      layout_basic, nemelex_diamond_rough_becter,
          ebering_ghost_reflecting_pool
D:5:      layout_basic, dancing_weapons_uskayaw, nicolae_overflow_crystal_walls,
          serial_shops, nicolae_shop_crystal, uniq_grinder
D:6:      layout_gridville, kennysheep_little_box
D:7:      layout_rooms, temple_hall, grunt_decor_resistance
D:8:      layout_rooms, kennysheep_mini, palyth_stone_intersect
D:9:      layout_basic, grunt_gozag_statues, lemuel_tele_altar
D:10:     minmay_the_grid_octo_triangle [minmay_the_grid_octo_checkerflower,
          minmay_the_grid_octo_prize_big_c, minmay_the_grid_octo_teeth],
          layout_stronghold, orc_0_dummy
D:11:     layout_loops_cross, grunt_lair_entry_orc_guard_hut, uniq_sonja
D:12:     layout_roguey, serial_bayou, serial_bayou_crossing,
          serial_bayou_ford_a, serial_bayou_pond_a, serial_bayou_pond_e,
          serial_bayou_pond_d
D:13:     layout_roguey, david_vaults_2, serial_ice, serial_ice_g, serial_ice_o,
          serial_ice_k, serial_ice_f, serial_ice_a, serial_ice_d, serial_ice_n,
          portal_ice_cave_demonic_guard, gauntlet_entry_generic,
          doesnt_xom_only_xom, uniq_erolcha, uniq_urug, uniq_jorgrun, uniq_kirke
D:14:     layout_loops_ring, kennysheep_cluttered_room
D:15:     grunt_enter_depths_magical_seal, layout_grid_maze,
          nicolae_dithmenos_the_darkroom
Temple:   cyrus_circular_temple
Lair:1:   wander_river, layout_gridlike, beast_lair_carwin_7
Lair:2:   layout_small_grid, nicolae_swamp_entry_splash_gauntlet, serial_rivers,
          chequers_serial_rivers_micro_a, chequers_serial_rivers_large_b,
          chequers_serial_rivers_large_a, chequers_serial_rivers_room_a,
          chequers_serial_rivers_small_3, chequers_serial_rivers_micro_a
Lair:3:   layout_roguey, minmay_holes, lemuel_fruit_tree, grunt_megastairs_5
Lair:4:   layout_loops_ring, guppyfry_snake_entry_garden, special_room
          [special_room_mythical_zoo]
Lair:5:   layout_hall_layers, slime_dummy, amcnicky_altar_lugonu_corruption
Lair:6:   wormcave, layout_gridlike, st_stairs_5, wad_woods_03,
          infiniplex_staircase_pool, grunt_megastairs_1, lemuel_fruit_fields
Swamp:1:  layout_basic_swamp, nicolae_swamp_godswood
Swamp:2:  layout_basic_swamp, hangedman_swamp_ruin_wall, uniq_frances
Swamp:3:  layout_basic_swamp, evilmike_swamp_ruin_house_1
Swamp:4:  swamp_alternative, layout_basic_swamp
Snake:1:  layout_layer_cave, hangedman_snake_thin_pillar_pass,
          nicolae_snake_linked_coils, grunt_ministairs_3, uniq_agnes
Snake:2:  layout_honeycomb, nicolae_snake_double_loop, uniq_nikola
Snake:3:  layout_layer_cave
Snake:4:  grunt_snake_rune_spirals, layout_onion_interference
Orc:1:    layout_caves, gammafunk_ghost_smash
Orc:2:    st_orc_elflike, layout_diamond_mine
Elf:1:    layout_geoelf_grid, serial_shops, bzr_entry_dummy,
          hangedman_elven_crosses_minicolossus
Elf:2:    layout_loops_corners, serial_shops, statue_bzr, special_room
          [special_room_mythical_zoo]
Elf:3:    minmay_elf_hall_not_hex, layout_loops_cross, serial_shops, shop,
          hex_large
Vaults:1: vaults_room_pools, hangedman_vaults_stitches, hangedman_vaults_slice,
          ontoclasm_vaults_eye, hangedman_vaults_trim, v_misc_23,
          grunt_vaults_hallway_short, grunt_vaults_swirl,
          layout_vaults_omnicross
Vaults:2: nicolae_vaults_border_crossing, hangedman_vaults_capsules,
          st_hourglassy, vaults_mumra_minichess, minmay_crypt_entry_simple_box,
          v_misc_28, vaults_room_ringed_pool, v_alt_pattern_1, v_alt_pattern_1,
          grunt_vaults_funnel, v_misc_19, v_misc_9,
          nicolae_vaults_diagonal_hallway_8, ontoclasm_vaults_decontamination,
          layout_vaults_maze_snakey, serial_shops, nicolae_shop_waterfront
Vaults:3: v_misc_33, vaults_room_mumra_shop_pool, nicolae_vaults_little_ls,
          vaults_mumra_chevron_long, v_pattern_5, vaults_room_door_ring,
          vaults_dpeg_ring, hangedman_vaults_impose, nicolae_vaults_rhombus_6,
          layout_vaults_omnigrid, mu_enter_wizlab_3, serial_shops,
          nicolae_shop_crystal
WizLab:   wizlab_demon

Skill      XL: |  1  2  3  4  5  6  7  8  9 10 11 12 13 14 15 16 17 18 19 20 21 22 |
---------------+-------------------------------------------------------------------+-----
Shields        | 4 7 14 16 17 | 17.1
Fighting       | 4 9 13 17 19 22 23 25 27 | 27.0
Armour         | 4 5 7 13 15 17 21 | 21.6
Maces & Flails | 3 4 6 10 11 12 | 12.1
Dodging        | 1 5 13 | 13.5
Invocations    | 2 9 |  9.8
Evocations     | 4 |  4.4
Crossbows      | 9 10 | 10.3

Action                   |  1- 3 |  4- 6 |  7- 9 | 10-12 | 13-15 | 16-18 | 19-21 | 22-24 || total
-------------------------+-------+-------+-------+-------+-------+-------+-------+-------++-------
Melee: Flail             |   101 |   155 |   223 |       |       |       |       |       ||   479
       Headbutt          |    13 |    37 |    55 |   185 |   567 |   479 |   812 |    46 ||  2194
       Whip              |       |       |       |   346 |       |       |       |       ||   346
       Demon whip        |       |       |       |   227 |  1654 |  1391 |  2075 |   101 ||  5448
Invok: Heroism           |       |       |       |     7 |     9 |     3 |     1 |       ||    20
       Finesse           |       |       |       |     1 |     5 |     5 |     1 |       ||    12
Evoke: Condenser vane    |       |       |       |       |       |     2 |     2 |       ||     4
  Use: Scroll            |       |    13 |     7 |     9 |     2 |     3 |     3 |     4 ||    41
       Potion            |       |       |     3 |     5 |     1 |     5 |       |     6 ||    20
 Stab: Invisible         |       |       |       |       |       |     2 |       |       ||     2
       Confused          |       |       |       |       |       |     1 |       |       ||     1
Armor: Scale mail        |    43 |    67 |   134 |   104 |       |       |       |       ||   348
       Plate armour      |       |       |       |   105 |   145 |       |       |       ||   250
       Chain mail        |       |       |       |       |   269 |   362 |   642 |    62 ||  1335
Dodge: Dodged            |    31 |    53 |    78 |   132 |   599 |   401 |   792 |    85 ||  2171
Block: Kite shield       |    59 |    80 |   150 |   286 |   888 |   675 |  1943 |   171 ||  4252
       Reflection        |       |       |       |       |       |     8 |   218 |       ||   226

Table legend: (Time is in decaauts)
 A = Elapsed time spent in this place.
 B = Non-inter-level travel time spent in this place.
 C = Inter-level travel time spent in this place.
 D = Time resting spent in this place.
 E = Time spent auto-exploring this place.
 F = Levels seen in this place.
 G = Mean time per level.
                   A        B        C        D        E       F      G
               +--------+--------+--------+--------+--------+-----+--------+
         Total |  39486 |  35712 |   3774 |   2623 |  25401 |  43 |  918.3 |
       Dungeon |  18015 |  15720 |   2295 |   1845 |  11416 |  15 | 1201.0 |
        Temple |     52 |     43 |      9 |      0 |     43 |   1 |   52.0 |
          Lair |   6479 |   5914 |    565 |     42 |   4798 |   6 | 1079.8 |
         Swamp |   2355 |   2244 |    111 |    342 |   1353 |   4 |  588.8 |
     Snake Pit |   4378 |   4112 |    266 |      0 |   3149 |   4 | 1094.5 |
  Orcish Mines |   1079 |    853 |    226 |      0 |    614 |   2 |  539.5 |
   Elven Halls |   3591 |   3309 |    282 |    243 |   2079 |   3 | 1197.0 |
        Vaults |   2246 |   2230 |     16 |      0 |   1387 |   3 |  748.7 |
        Bazaar |    147 |    147 |      0 |      0 |     83 |   2 |   73.5 |
      Ice Cave |    624 |    624 |      0 |    150 |    258 |   1 |  624.0 |
        Wizlab |    185 |    185 |      0 |      0 |     62 |   1 |  185.0 |
      Gauntlet |    331 |    331 |      0 |      0 |    157 |   1 |  331.0 |
               +--------+--------+--------+--------+--------+-----+--------+

Top non-repeatable levels by time:
    D:10: 2374 daAuts
    D:11: 1470 daAuts
     D:5: 1451 daAuts
     D:3: 1413 daAuts
     D:4: 1370 daAuts
 Snake:4: 1335 daAuts
   Elf:2: 1317 daAuts
     D:6: 1293 daAuts
  Lair:2: 1283 daAuts
   Elf:3: 1279 daAuts
  Lair:6: 1251 daAuts
     D:9: 1142 daAuts
     D:2: 1113 daAuts
 Snake:3: 1107 daAuts
  Lair:1: 1090 daAuts
